 Dungeon Crawl Stone Soup version 0.27.1-15-g792fb953b9 (webtiles) character file.

Game seed: 2859272060095265236

662 pkoi the Slasher (level 7, -8/60 HPs)
             Began as a Minotaur Gladiator on Nov 19, 2021.
             Was a Follower of Makhleb.
             Mangled by Menkaure (19 damage)
             ... on level 5 of the Dungeon.
             The game lasted 00:04:00 (4902 turns).

pkoi the Slasher (Minotaur Gladiator)               Turns: 4902, Time: 00:04:00

Health: -8/60      AC: 13    Str: 21    XL:     7   Next: 30%
Magic:  7/7        EV:  7    Int:  5    God:    Makhleb [*.....]
Gold:   175        SH:  0    Dex: 11    Spells: 6/6 levels left

rFire    . . .     SeeInvis .   a - +0 long sword (venom)
rCold    . . .     Faith    .   (no shield)
rNeg     . . .     Spirit   .   i - +0 plate armour
rPois    .         Reflect  .   c - +1 hat
rElec    .         Harm     .   (no cloak)
rCorr    .         Rampage  .   u - +0 pair of gloves
Will     .....                  (no boots)
Stlth    ..........             (no amulet)
HPRegen  0.20/turn              b - ring of flight
MPRegen  0.10/turn              (no ring)

@: flying
A: horns 2, retaliatory headbutt
a: Renounce Religion


You were on level 5 of the Dungeon.
You worshipped Makhleb.
Makhleb was aware of your devotion.
You visited 1 branch of the dungeon, and saw 5 of its levels.

You collected 175 gold pieces.

Inventory:

Hand Weapons
 a - a +0 long sword of venom (weapon)
 g - a +2 dagger of venom
Missiles
 d - 3 throwing nets (quivered)
 l - 13 poisoned darts
Armour
 c - a +1 hat (worn)
 i - a +0 plate armour (worn)
 u - a +0 pair of gloves (worn)
Jewellery
 b - a ring of flight (left hand)
Wands
 j - a wand of polymorph (11)
 s - a wand of flame (13)
Scrolls
 h - 2 scrolls of magic mapping
Potions
 e - a potion of brilliance {unknown}
 f - a potion of magic {unknown}
 k - a potion of curing
 m - a potion of flight {unknown}
 o - a potion of resistance {unknown}
 p - a potion of ambrosia {unknown}
 q - 2 potions of invisibility {unknown}


   Skills:
 + Level 4.5 Fighting
 * Level 6.7 Long Blades
 + Level 3.8 Throwing
 + Level 3.6 Armour
 - Level 3.2 Dodging
 + Level 2.5 Invocations


You had 6 spell levels left.
You didn't know any spells.
Your spell library contained the following spells:

 Spells                   Type           Power      Damage    Failure   Level
 Static Discharge         Conj/Air       0%         N/A       100%        2
 Lightning Bolt           Conj/Air       0%         1d11      100%        5
 Maxwell's Capacitive Co  Air            0%         ∞         100%        8


Dungeon Overview and Level Annotations

Branches:
Dungeon (5/15)
 Temple: D:4-7

Altars:
Cheibriados
Makhleb

Annotations:
D:5 Menkaure


Innate Abilities, Weirdness & Mutations

You have a pair of horns on your head.
You reflexively headbutt those who attack you in melee.


Message History

Dowan hits you with a +0 dagger.
* * * LOW HITPOINT WARNING * * *
Dowan hits you but does no damage.
You hit Dowan.
Dowan looks as sick as possible!
You headbutt Dowan.
You kill Dowan!
Makhleb accepts your kill.
You feel better.
Items here: )) [[ †.
You start resting.
You start resting.
HP restored.
Items here: )) [[ †.
Okay, then.
Unknown command.
There is a stone staircase leading down, spattered with blood here.
Things that are here:
a +0 giant club; an ogre skeleton Menkaure, Prince of Dust comes into view.
Menkaure shouts!
Menkaure is nearby!
Menkaure is nearby!
Menkaure is nearby!
Okay, then.
Unknown command.
Okay, then.
Unknown command.
Menkaure casts a spell.
Menkaure seems to speed up.
Menkaure hits you!
You barely miss Menkaure.
Menkaure calls on the powers of darkness!
Your body is wracked with pain!
* * * LOW HITPOINT WARNING * * *
Menkaure hits you!
* * * LOW HITPOINT WARNING * * *
You hit Menkaure.
Menkaure is lightly damaged.
An orc wizard comes into view. It is wielding a +0 dagger of draining.
Menkaure hits you!!
You die...

.. .o .# ##.#
...# #..# #M.#
.## #@.# .....
#..#
#.#.#.###..####..
................#
#.#.#.....#####..
...........#
#.#.#......# .#
......>....# .# #
#.#.#.....## .#.#


You could see Menkaure (fast) and an orc wizard (wandering).

Vanquished Creatures
  Duvessa (D:5)
  A necrophage (D:5)
  An ogre (D:5)
  A scorpion (D:4)
  Dowan (D:5)
  A water moccasin zombie (D:5)
  Ijyb (D:3)
  Jessica (D:3)
  An iguana (D:5)
  Terence (D:3)
  3 adders
  A white imp (D:4)
  An ufetubus (D:4)
  2 worms (D:2)
  2 dart slugs
  An orc (D:4)
  2 bats
  4 endoplasms
  3 giant cockroaches
  7 goblins
  7 hobgoblins
  4 jackals (D:4)
  5 kobolds
  6 quokkas
  10 ball pythons
  5 rats
73 creatures vanquished.

Vanquished Creatures (others)
  7 demonic plants (D:2)
  4 fungi
  2 plants (D:2)
  A withered plant (D:2)
14 creatures vanquished.

Grand Total: 87 creatures vanquished

Notes
Turn   | Place    | Note
-------+----------+-------------------------------------------
     0 | D:1      | pkoi the Minotaur Gladiator began the quest for the Orb.
     0 | D:1      | Reached XP level 1. HP: 18/18 MP: 0/0
   372 | D:1      | Reached XP level 2. HP: 18/25 MP: 1/1
   374 | D:1      | Reached skill level 4 in Long Blades
   745 | D:1      | Reached skill level 1 in Armour
  1272 | D:2      | Reached XP level 3. HP: 25/30 MP: 2/2
  1327 | D:2      | Found a faded altar of an unknown god.
  1557 | D:2      | Found a snail-covered altar of Cheibriados.
  2087 | D:3      | Reached XP level 4. HP: 35/38 MP: 3/3
  2144 | D:3      | Found a burning altar of Makhleb.
  2253 | D:3      | Became a worshipper of Makhleb the Destroyer
  2327 | D:3      | Noticed Jessica
  2333 | D:3      | Killed Jessica
  2896 | D:3      | Noticed Terence
  2898 | D:3      | Noticed Ijyb
  2910 | D:3      | Killed Terence
  2911 | D:3      | Reached skill level 5 in Long Blades
  3214 | D:3      | Killed Ijyb
  3215 | D:3      | Reached XP level 5. HP: 31/45 MP: 4/4
  3599 | D:4      | Reached skill level 1 in Invocations
  3955 | D:4      | Reached * piety under Makhleb
  4240 | D:5      | Entered Level 5 of the Dungeon
  4327 | D:5      | Reached XP level 6. HP: 37/52 MP: 6/6
  4364 | D:5      | Reached skill level 6 in Long Blades
  4538 | D:5      | Noticed Dowan
  4540 | D:5      | Noticed Duvessa
  4680 | D:5      | Killed Duvessa
  4681 | D:5      | Reached XP level 7. HP: 33/60 MP: 7/7
  4688 | D:5      | Killed Dowan
  4896 | D:5      | Noticed Menkaure
  4902 | D:5      | Mangled by Menkaure

Illustrated notes

Levels and vault maps discovered:
D:1:      minmay_arrival_three_doors, layout_loops_corners
D:2:      layout_loops_ring, shapermc_ecumenical_altar_gd, basic_altar
D:3:      layout_basic, mainiacjoe_overflow_alcove_1, serial_rivers,
          chequers_serial_rivers_marsh, chequers_serial_rivers_marsh,
          chequers_serial_rivers_micro_d, chequers_serial_rivers_micro_b,
          minmay_shallow_snake_nest, uniq_terence, uniq_jessica, uniq_ijyb
D:4:      layout_basic, wad_floor_pattern_2, minmay_vboxes
D:5:      layout_loops_ring, serial_shops, kennysheep_mini_moat,
          nicolae_square_shop, nicolae_shop_statue_plus, shop,
          serial_co_window_serial, co_window_corner_a,
          co_window_of_opportunity_a, co_window_paths_a,
          co_window_of_opportunity_a, co_window_paths_b,
          co_window_of_opportunity_a, co_window_corner_a, co_window_paths_c,
          co_window_2corner, co_window_broadway_c, glass_columns_c,
          grunt_decor_cap, minivault_4, minmay_checkerbox, uniq_menkaure,
          uniq_grinder, uniq_duvessa

Skill      XL: |  1  2  3  4  5  6 |
---------------+-------------------+-----
Long Blades    | 4 5 6 |  6.7
Armour         | 1 2 3 |  3.6
Fighting       | 3 4 |  4.5
Invocations    | 1 2 |  2.5
Throwing       | 3 |  3.8
Dodging        | |  3.2

Action                   |  1- 3 |  4- 6 |  7- 9 || total
-------------------------+-------+-------+-------++-------
Melee: Long sword        |    16 |    46 |     9 ||    71
       Headbutt          |    13 |    18 |     2 ||    33
       Dagger            |    60 |    49 |       ||   109
  Use: Scroll            |       |     9 |       ||     9
Armor: Leather armour    |    11 |    16 |       ||    27
       Plate armour      |       |    14 |     5 ||    19
Dodge: Dodged            |    34 |    45 |     1 ||    80
       Rpst.: Long sword |     1 |     8 |       ||     9
